 Dungeon Crawl Stone Soup version 0.28-a0-863-g8cecda6153 (webtiles) character file.

Game seed: 9380069101473632554

634 mcbry74 the Destroyer (level 7, -1/36 HPs)
             Began as a Deep Elf Conjurer on Nov 19, 2021.
             Slain by a wyvern zombie (14 damage)
             ... on level 5 of the Dungeon.
             The game lasted 00:16:41 (4679 turns).

mcbry74 the Destroyer (Deep Elf Conjurer)           Turns: 4679, Time: 00:16:42

Health: -1/36      AC:  3    Str:  5    XL:     7   Next: 24%
Magic:  13/18      EV: 12    Int: 24    God:
Gold:   135        SH:  5    Dex: 13    Spells: 12/18 levels left

rFire   . . .      SeeInvis .   g - +1 dagger (holy)
rCold   . . .      Faith    .   (no shield)
rNeg    . . .      Spirit   .   a - +0 robe
rPois   .          Reflect  +   (no helmet)
rElec   .          Harm     .   s - +0 cloak
rCorr   .          Rampage  .   (no gloves)
Will    +....                   (no boots)
Stlth   ++........              c - amulet of reflection
HPRegen 0.12/turn               t - ring of willpower
MPRegen 0.16/turn               (no ring)

@: no status effects
A: no striking features
a: no special abilities


You were on level 5 of the Dungeon.
You visited 1 branch of the dungeon, and saw 5 of its levels.

You collected 180 gold pieces.
You spent 45 gold pieces at shops.

Inventory:

Hand Weapons
 g - a +1 dagger of holy wrath (weapon)
Armour
 a - a +0 robe (worn)
 s - a +0 cloak (worn)
Jewellery
 c - an amulet of reflection (around neck)
 t - a ring of willpower (left hand)
Wands
 q - a wand of iceblast (15)
Scrolls
 d - 2 scrolls of identify {unknown}
 e - a scroll of vulnerability {unknown}
 f - 2 scrolls of silence {unknown}
 h - 3 scrolls of magic mapping
 j - 2 scrolls of summoning {unknown}
 k - 3 scrolls of immolation
 l - 3 scrolls of fog {unknown}
 m - 3 scrolls of teleportation {unknown}
 o - 3 scrolls of noise {unknown}
 r - a scroll of enchant weapon {unknown}
Potions
 b - 4 potions of curing {unknown}
 i - 2 potions of might {unknown}
 n - a potion of mutation {unknown}
 p - a potion of haste {unknown}


   Skills:
 - Level 2.4 Dodging
 - Level 2.5 Stealth
 + Level 6.4 Spellcasting
 * Level 8.2 Conjurations
 - Level 2.0 Hexes


You had 12 spell levels left.
You knew the following spells:

 Your Spells              Type           Power      Damage    Failure   Level
a - Magic Dart            Conj           100%       1d8       1%          1
b - Searing Ray           Conj           94%        2d7       1%          2
c - Dazzling Flash        Conj/Hex       64%        N/A       2%          3

Your spell library contained the following spells:

 Spells                   Type           Power      Damage    Failure   Level
 Fulminant Prism          Conj/Hex       16%        3d11      10%         4
 Passwall                 Tmut/Erth      5%         N/A       12%         2
 Iskenderun's Mystic Bla  Conj/Tloc      27%        2d7       14%         4
 Swiftness                Air            7%         N/A       22%         3
 Irradiate                Conj/Tmut      13%        3d17      36%         5
 Summon Ice Beast         Ice/Summ       7%         N/A       58%         4
 Summon Mana Viper        Hex/Summ       12%        N/A       80%         5
 Blade Hands              Tmut           3%         N/A       91%         5
 Dragon Form              Tmut           3%         N/A       100%        7
 Monstrous Menagerie      Summ           3%         N/A       100%        7


Dungeon Overview and Level Annotations

Branches:
Dungeon (5/15)
 Temple: D:4-7

Altars:
Cheibriados
Okawaru

Shops:
D:2 ?

Annotations:
D:3 1 runed translucent door, vineage's ghost, amateur GrFi


Message History

Found a stone staircase leading up.
A wyvern zombie comes into view.
You see here a ring of willpower.
t - a ring of willpower
t - a ring of willpower (left hand)
Casting: Searing Ray (safe; 1% risk of failure)
Confirm with . or Enter, or press ? or * to list all spells.
Aiming: Magic Dart (safe; 1% risk of failure)
Press: ? - help, Shift-Dir - straight line, f - wyvern zombie
Aim: a wyvern zombie (100% to hit)
The magic dart hits the wyvern zombie.
The wyvern zombie is lightly damaged.
The wyvern zombie closely misses you. The wyvern zombie barely misses you.
The wyvern zombie bites you. The wyvern zombie bites you.
You block the wyvern zombie's attack. The wyvern zombie barely misses you.
Casting: Magic Dart (safe; 1% risk of failure)
Confirm with . or Enter, or press ? or * to list all spells.
You don't know that spell.
Casting: Magic Dart (safe; 1% risk of failure)
Confirm with . or Enter, or press ? or * to list all spells.
Aiming: Searing Ray (safe; 1% risk of failure)
Press: ? - help, Shift-Dir - straight line, f/p - wyvern zombie
Aim: a wyvern zombie (lightly damaged, 94% to hit)
The searing ray hits the wyvern zombie!
The wyvern zombie is moderately damaged. (Press . to maintain the ray.)
The wyvern zombie bites you!
The searing ray hits the wyvern zombie!
The wyvern zombie is severely damaged.
The wyvern zombie bites you but does no damage.
The searing ray hits the wyvern zombie!
The wyvern zombie is severely damaged.
You block the wyvern zombie's attack. The wyvern zombie misses you.
The searing ray hits the wyvern zombie!
The wyvern zombie is almost destroyed.
You finish channelling your searing ray.
The wyvern zombie misses you. The wyvern zombie bites you!
You die...

..######.....##.#.......
..# #..##.##.#..#....
..# #.....##.#.......
... ......##....#....
... ...#.###......# ...
...#.# #.#...(# ##
#......# #......#
#@.>...# #Z##.....
#........ #..#..... ....
<##. ..##. .# ##.# .. ..
#.# .. . #.# ...


You could see a wyvern zombie.

Vanquished Creatures
  A black bear (D:5)
  An ogre (D:4)
  A phantom (D:3)
  A scorpion (D:4)
  A howler monkey (D:3)
  A bullfrog zombie (D:5)
  A hound (D:5)
  A centaur skeleton (D:4)
  An iguana (D:4)
  8 adders
  An adder skeleton (D:5)
  A worm (D:3)
  A dart slug (D:3)
  9 orcs
  7 ball pythons
  5 bats
  5 giant cockroaches (D:1)
  8 goblins
  7 hobgoblins
  9 jackals
  3 quokkas
  5 frilled lizards
  7 kobolds
  7 rats
92 creatures vanquished.

Notes
Turn   | Place    | Note
-------+----------+-------------------------------------------
     0 | D:1      | mcbry74 the Deep Elf Conjurer began the quest for the Orb.
     0 | D:1      | Reached XP level 1. HP: 10/10 MP: 6/6
   203 | D:1      | Reached XP level 2. HP: 15/15 MP: 6/8
   434 | D:1      | Reached skill level 5 in Conjurations
   742 | D:1      | Reached XP level 3. HP: 19/19 MP: 7/10
   829 | D:1      | Learned a level 2 spell: Searing Ray
   833 | D:1      | Learned a level 3 spell: Dazzling Flash
  1385 | D:2      | Found Reorowego's Magic Scroll Emporium.
  1401 | D:2      | Reached XP level 4. HP: 24/24 MP: 7/12
  1456 | D:2      | Bought a scroll of magic mapping for 45 gold pieces
  1651 | D:2      | Found a faded altar of an unknown god.
  1826 | D:2      | Reached skill level 6 in Conjurations
  2125 | D:3      | Reached XP level 5. HP: 28/28 MP: 7/13
  2315 | D:3      | Found an iron altar of Okawaru.
  2696 | D:3      | Found a runed translucent door.
  2696 | D:3      | Noticed vineage's ghost (amateur GrFi)
  2735 | D:3      | Found a snail-covered altar of Cheibriados.
  2970 | D:4      | Noticed a phantom
  2991 | D:4      | Reached skill level 5 in Spellcasting
  3032 | D:3      | Killed a phantom
  3033 | D:3      | Reached skill level 7 in Conjurations
  3033 | D:3      | Reached XP level 6. HP: 5/32 MP: 6/16
  4196 | D:5      | Entered Level 5 of the Dungeon
  4222 | D:5      | Reached skill level 1 in Hexes
  4289 | D:5      | Reached skill level 8 in Conjurations
  4289 | D:5      | Reached XP level 7. HP: 30/36 MP: 11/18
  4679 | D:5      | Slain by a wyvern zombie

Illustrated notes

Levels and vault maps discovered:
D:1:      wheals_arrival_shading, layout_basic, st_stairs_8,
          minmay_worlds_worst_comb
D:2:      layout_rooms, shapermc_ecumenical_altar_totnotflames, serial_shops,
          nicolae_shop_temple_entry_statues_fountains
D:3:      layout_loops_ring, okawaru_ov_weapons_minmay, cheibriados_altar_1,
          ebering_ghost_inner_flame
D:4:      layout_rooms, minmay_misc_feat_ornament
D:5:      layout_basic, mainiacjoe_overflow_cross_hatched

Skill      XL: |  1  2  3  4  5  6  7 |
---------------+----------------------+-----
Conjurations   | 5 6 7 8 |  8.2
Spellcasting   | 4 5 6 |  6.4
Hexes          | 1 2 |  2.0
Dodging        | |  2.4
Stealth        | |  2.5

Action                   |  1- 3 |  4- 6 |  7- 9 || total
-------------------------+-------+-------+-------++-------
Melee: Dagger            |       |     5 |     3 ||     8
 Cast: Magic Dart        |    65 |    91 |     7 ||   163
       Searing Ray       |     2 |    12 |     3 ||    17
 Stab: Sleeping          |       |       |     1 ||     1
Armor: Robe              |       |     5 |     5 ||    10
Dodge: Dodged            |     4 |    13 |     6 ||    23
Block: Other             |       |    10 |     4 ||    14
       Reflection        |       |     3 |       ||     3

Table legend: (Time is in decaauts)
 A = Elapsed time spent in this place.
 B = Non-inter-level travel time spent in this place.
 C = Inter-level travel time spent in this place.
 D = Time resting spent in this place.
 E = Time spent auto-exploring this place.
 F = Levels seen in this place.
 G = Mean time per level.
                   A        B        C        D        E       F      G
               +--------+--------+--------+--------+--------+-----+--------+
         Total |   4677 |   4579 |     98 |   1575 |   2444 |   5 |  935.4 |
       Dungeon |   4677 |   4579 |     98 |   1575 |   2444 |   5 |  935.4 |
               +--------+--------+--------+--------+--------+-----+--------+

Top non-repeatable levels by time:
     D:1: 1139 daAuts
     D:4: 1085 daAuts
     D:3: 1068 daAuts
     D:2: 902 daAuts
     D:5: 482 daAuts
